 Dungeon Crawl Stone Soup version 0.27.0-1-g7a08968 (webtiles) character file.

Game seed: 17973454751869948220

1621 PanicHappy the Cleaver (level 8, 0/70 HPs)
             Began as a Hill Orc Berserker on Sept 16, 2021.
             Was a Believer of Trog.
             Slain by a cyan ugly thing (17 damage)
             ... on level 6 of the Dungeon.
             The game lasted 00:16:52 (5869 turns).

PanicHappy the Cleaver (Hill Orc Berserker)         Turns: 5869, Time: 00:16:53

Health: 0/70       AC:  7    Str: 22    XL:     8   Next: 96%
Magic:  8/8        EV: 15    Int:  7    God:    Trog [**....]
Gold:   284        SH:  5    Dex: 13    Spells: 7/7 levels left

rFire    + . .     SeeInvis .   s - +8 war axe "Udikess" {holy, rF++ Dex+3}
rCold    + . .     Faith    .   (no shield)
rNeg     . . .     Spirit   .   j - +0 scale mail
rPois    .         Reflect  +   (no helmet)
rElec    .         Harm     .   (no cloak)
rCorr    .         Rampage  .   (no gloves)
Will     .....                  (no boots)
Stlth    ..........             n - amulet of reflection
HPRegen  0.21/turn              x - +4 ring of evasion
MPRegen  0.11/turn              l - ring of ice

@: no status effects
A: no striking features
a: Renounce Religion, Berserk, Trog's Hand


You were on level 6 of the Dungeon.
You worshipped Trog.
Trog was pleased with you.
You visited 1 branch of the dungeon, and saw 6 of its levels.

You collected 284 gold pieces.

Inventory:

Hand Weapons
 a - a +0 hand axe
 o - a +0 war axe
 s - the +8 war axe "Udikess" (weapon) {holy, rF++ Dex+3}
   (You found it on level 4 of the Dungeon)

   It has been blessed by the Shining One to cause great damage to the undead
   and demons.
   Dex:       It affects your dexterity (+3).
   rF:        It greatly protects you from fire.
 t - a +4 flail
 v - a +1 whip of freezing
 w - a +1 dagger of freezing
 A - the +4 war axe of Destiny {flame, rC+ Int+4}
   (You took it off an orc on level 5 of the Dungeon)

   It burns those it strikes, dealing additional fire damage.
   Big, fiery blades are also staple armaments of hydra-hunters.
   Int:       It affects your intelligence (+4).
   rC:        It protects you from cold.
Armour
 b - a +0 animal skin
 c - a +0 robe
 f - a +0 leather armour
 j - a +0 scale mail (worn)
 B - the +3 robe of Eternity {Drain rElec rC++ Stlth+}
   (You found it on level 5 of the Dungeon)

   rC:        It greatly protects you from cold.
   rElec:     It insulates you from electricity.
   Drain:     It drains your maximum health when unequipped.
   Stlth:     It makes you more stealthy.
Jewellery
 l - a ring of ice (right hand)
 n - an amulet of reflection (around neck)
 x - a +4 ring of evasion (left hand)
Wands
 D - a wand of digging (5)
Scrolls
 d - a scroll of teleportation {unknown}
 g - 7 scrolls of identify {unknown}
 h - 2 scrolls of acquirement {unknown}
 i - 2 scrolls of blinking {unknown}
 k - a scroll of enchant weapon {unknown}
 p - a scroll of vulnerability {unknown}
 u - 2 scrolls of noise {unknown}
 y - a scroll of amnesia {unknown}
 C - a scroll of enchant armour {unknown}
 E - a scroll of summoning {unknown}
Potions
 e - a potion of haste {unknown}
 m - a potion of curing {unknown}
 q - a potion of lignification {unknown}
 r - a potion of heal wounds {unknown}
 z - a potion of ambrosia {unknown}


   Skills:
 + Level 5.7 Fighting
 + Level 10.7 Axes
 + Level 6.3 Armour
 + Level 2.5 Dodging
 + Level 1.4 Stealth
 + Level 2.5 Shields


You had 7 spell levels left.
You didn't know any spells.
Your spell library was empty.

Dungeon Overview and Level Annotations

Branches:
Dungeon (6/15)             Temple (0/1) D:4

Altars:
Okawaru
Wu Jian

Shops:
D:3 :   D:5 (


Message History

The ice beast hits you but does no damage.
You closely miss the ice beast.
The ice beast is severely wounded.
You block the ice beast's attack.
You hit the ice beast.
The ice beast is severely wounded.
The ice beast hits you but does no damage.
You hit the ice beast but do no damage.
The ice beast is severely wounded.
The ice beast barely misses you.
You slash the ice beast!
You kill the ice beast!
Trog accepts your kill.
A jelly comes into view.
The jelly quivers.
Found a ring mail.
The jelly misses you.
You slash the jelly!
You kill the jelly!
Trog accepts your kill.
D - a wand of digging (5)
You see here a +0 ring mail.
E - a scroll labelled ITEKUY HE ZUU
Found a stone staircase leading down.
A cyan ugly thing comes into view.
The cyan ugly thing gurgles horribly!
A cyan ugly thing is nearby!
You see here 19 gold pieces.
You slash the cyan ugly thing!
The cyan ugly thing is lightly wounded.
The cyan ugly thing tentacle-slaps you. The cyan ugly thing shocks you!
You hit the cyan ugly thing but do no damage.
The cyan ugly thing is lightly wounded.
The cyan ugly thing tentacle-slaps you! The cyan ugly thing shocks you!
You slash the cyan ugly thing!
The cyan ugly thing is moderately wounded.
The cyan ugly thing tentacle-slaps you!
* * * LOW HITPOINT WARNING * * *
The cyan ugly thing shocks you!
You die...

#......[.............###†##
..................##.......
.................###.......
#........##......####......
####.....##........#.......
##.###..............>...
#####$...#######.......
#.........#..........
#...@u...............
#...........##...##..
##....#..#.. .... ...
#.#####.... .. .... ## ....
..... ... .#


You could see a cyan ugly thing.

Vanquished Creatures
  Pikel (D:4)
  2 ice beasts
  A sky beast (D:5)
  2 necrophages
  2 ogres (D:5)
  A centaur (D:6)
  2 phantoms
  A lemure (D:4)
  2 jellies
  2 hounds (D:4)
  An orc priest (D:6)
  3 iguanas (D:6)
  3 gnolls (D:4)
  An adder (D:6)
  An adder skeleton (D:4)
  2 worms
  3 dart slugs
  11 orcs
  11 endoplasms
  5 giant cockroaches
  A goblin (D:4)
  5 hobgoblins
  3 jackals (D:4)
  6 ball pythons
  3 bats
  4 frilled lizards
  3 kobolds
  2 rats
84 creatures vanquished.

Vanquished Creatures (others)
  2 fungi (D:1)
  3 plants (D:1)
5 creatures vanquished.

Grand Total: 89 creatures vanquished

Notes
Turn   | Place    | Note
-------+----------+-------------------------------------------
     0 | D:1      | PanicHappy the Hill Orc Berserker began the quest for the
                  | Orb.
     0 | D:1      | Reached XP level 1. HP: 19/19 MP: 1/1
   104 | D:1      | Found a faded altar of an unknown god.
   208 | D:1      | Reached XP level 2. HP: 27/27 MP: 2/2
   804 | D:2      | Found an ornate altar of the Wu Jian Council.
   930 | D:2      | Reached XP level 3. HP: 7/33 MP: 3/3
  1790 | D:2      | Reached ** piety under Trog
  2165 | D:3      | Found an ornate altar of the Wu Jian Council.
  2529 | D:3      | Found Fakhlydo's Book Boutique.
  2909 | D:4      | Identified the +8 war axe "Udikess" {holy, rF++ Dex+3}
  2926 | D:4      | Reached skill level 5 in Axes
  2926 | D:4      | Reached XP level 4. HP: 34/40 MP: 4/4
  2987 | D:4      | Found a staircase to the Ecumenical Temple.
  3009 | D:4      | Reached skill level 6 in Axes
  3195 | D:4      | Found an iron altar of Okawaru.
  3306 | D:4      | Reached XP level 5. HP: 42/46 MP: 5/5
  3457 | D:4      | Noticed a lemure
  3457 | D:4      | Noticed a lemure
  3457 | D:4      | Noticed a lemure
  3458 | D:4      | Noticed Pikel
  3458 | D:4      | Noticed a lemure
  3464 | D:4      | Killed a lemure
  3467 | D:4      | Killed Pikel
  3468 | D:4      | Reached skill level 8 in Axes
  3468 | D:4      | Reached skill level 1 in Stealth
  3468 | D:4      | Reached XP level 6. HP: 39/55 MP: 6/6
  3468 | D:4      | Reached XP level 7. HP: 43/60 MP: 7/7
  3828 | D:5      | Entered Level 5 of the Dungeon
  3955 | D:5      | Reached skill level 5 in Fighting
  3955 | D:5      | Reached skill level 9 in Axes
  3955 | D:5      | Reached skill level 1 in Shields
  4252 | D:5      | Reached skill level 5 in Armour
  4252 | D:5      | Reached XP level 8. HP: 68/68 MP: 8/8
  4712 | D:5      | Found Xuji's Antique Weapon Boutique.
  4713 | D:5      | Identified the +4 war axe of Destiny {flame, rC+ Int+4}
  4775 | D:5      | Identified the +3 robe of Eternity {Drain rElec rC++
                  | Stlth+}
  5128 | D:5      | Reached skill level 10 in Axes
  5862 | D:6      | Noticed a cyan ugly thing
  5869 | D:6      | Slain by a cyan ugly thing

Illustrated notes

Levels and vault maps discovered:
D:1:      dpeg_arrival_arbitrary_c, layout_basic,
          shapermc_ecumenical_altar_mp_urbaneastern
D:2:      layout_basic, serial_aquarium, aquarium_bridge_square
          [aquarium_subvault_wall, aquarium_subvault_bridge,
          aquarium_subvault_bridge, aquarium_subvault_bridge],
          aquarium_window_1, aquarium_window_corner, aquarium_window_corner,
          aquarium_view_2b, aquarium_view_4, basic_altar, minmay_tetromino_o2
D:3:      layout_basic, nicolae_wu_jian_wuxing_cycle, serial_shops, shop
D:4:      layout_gridville, kennysheep_little_box, minmay_temple_entry_ruins,
          minmay_diced_spiral, uniq_pikel
D:5:      layout_basic, serial_shops, nicolae_stop_n_shop_2
D:6:      layout_cave_pools

Skill      XL: |  1  2  3  4  5  6  7  8 |
---------------+-------------------------+-----
Fighting       | 4 5 |  5.7
Axes           | 5 6 8 9 10 | 10.7
Armour         | 4 5 6 |  6.3
Dodging        | 2 |  2.5
Stealth        | 1 |  1.4
Shields        | 1 2 |  2.5

Action                   |  1- 3 |  4- 6 |  7- 9 || total
-------------------------+-------+-------+-------++-------
Melee: Hand axe          |   126 |       |       ||   126
       War axe           |     3 |    30 |    78 ||   111
  Use: Potion            |       |       |     1 ||     1
 Stab: Sleeping          |     1 |       |       ||     1
Armor: Animal skin       |     4 |       |       ||     4
       Robe              |     6 |       |       ||     6
       Leather armour    |    11 |       |       ||    11
       Scale mail        |    30 |    10 |    12 ||    52
Dodge: Dodged            |    71 |    16 |    31 ||   118
Block: Other             |     4 |     6 |    15 ||    25
       Reflection        |       |       |     2 ||     2
